 Dungeon Crawl Stone Soup version 0.30-a0-605-gb2882149bf (webtiles) character file.

Game seed: 14949477068051035924

41 wormed the Insei (level 3, -2/23 HPs)
             Began as an Octopode Transmuter on Jan 8, 2023.
             Slain by a worm (8 damage)
             ... on level 2 of the Dungeon.
             The game lasted 00:01:56 (1261 turns).

wormed the Insei (Octopode Transmuter)              Turns: 1261, Time: 00:01:57

Health: -2/23      AC:  1    Str:  9    XL:     3   Next: 52%
Magic:  12/15      EV: 13    Int: 17    God:
Gold:   43         SH:  0    Dex: 12    Spells: 4/7 levels left

rFire   . . .      SeeInvis .      - Unarmed
rCold   . . .      Faith    .    (no shield)
rNeg    . . .      Spirit   .    (helmet currently unavailable)
rPois   .          Reflect  .    (no amulet)
rElec   .          Harm     .    b - ring of magical power
rCorr   .          Rampage  .    (no ring)
Will    .....                    (no ring)
Stlth   ++                       (no ring)
HPRegen 0.23/turn                (no ring)
MPRegen 0.14/turn                (no ring)
                                 (no ring)
                                 (no ring)

@: appendages (expiring), wereblooded
A: tentacle spike 3, almost no armour, amphibious, 8 rings, camouflage 1,
gelatinous body 1, (nimble swimmer 1), tentacles
a: End Transformation


You were on level 2 of the Dungeon.
One of your tentacles had grown a beastly spike.
You visited 1 branch of the dungeon, and saw 2 of its levels.

You collected 43 gold pieces.

Inventory:

Jewellery
 b - a ring of magical power (left tentacle)
 c - an amulet of faith
Scrolls
 d - 2 scrolls of identify
Potions
 a - a potion of lignification
 f - a potion of curing
 g - a potion of degeneration {unknown}


   Skills:
 - Level 1.0 Fighting
 - Level 2.0 Dodging
 - Level 3.0 Unarmed Combat
 + Level 2.6 Spellcasting
 + Level 2.7 Transmutations
 + Level 1.5 Ice Magic


You had 4 spell levels left.
You knew the following spells:

 Your Spells              Type           Power      Damage    Failure   Level
a - Beastly Appendage     Tmut           22%        N/A       6%          1
b - Wereblood             Tmut           11%        N/A       9%          2

Your spell library contained the following spells:

 Spells                   Type           Power      Damage    Failure   Level
 Spider Form              Tmut/Pois      6%         N/A       30%         3
 Ice Form                 Ice/Tmut       9%         N/A       58%         4


Dungeon Overview and Level Annotations

Branches:
Dungeon (2/15)

Altars:


Innate Abilities, Weirdness & Mutations

One of your tentacles has grown a beastly spike.
You cannot wear most types of armour.
You are amphibious.
You can wear up to eight rings at the same time.
Your skin changes colour to match your surroundings (Stealth+).
Your rubbery body absorbs attacks. (AC +1, EV +1)
((You are camouflaged when in or above water. (Stealth+)))
You have tentacles for arms and can constrict up to eight enemies at once.


Message History

The dart slug is almost dead.
You constrict the dart slug.
You kill the dart slug!
You barely miss the worm. You grab the worm.
You pierce the worm.
You squeeze the worm!
The worm is severely wounded.
You constrict the worm. You tentacle-slap the worm.
You kill the worm!
Your magical contamination has completely faded away.
Your transformation is almost over.
Your tentacle spike disappears.
HP restored.
An endoplasm comes into view.
An endoplasm is nearby!
An endoplasm is nearby!
Found a throwing net.
Found a stone staircase leading up.
The endoplasm quivers.
A worm comes into view.
Casting: Wereblood (safe; 9% risk of failure)
Confirm with . or Enter, or press ? or * to list all spells.
One of your tentacles grows a vicious spike.
The endoplasm freezes you.
You are frozen.
Casting: Beastly Appendage (safe; 6% risk of failure)
Confirm with . or Enter, or press ? or * to list all spells.
Your blood is infused with primal strength.
The endoplasm hits you. The worm bites you!
You tentacle-slap the endoplasm.
The endoplasm is almost dead.
The endoplasm freezes you.
You are frozen.
The worm bites you.
* * * LOW HITPOINT WARNING * * *
You tentacle-slap the endoplasm.
You feel a bit better.
You kill the endoplasm!
You tentacle-slap the worm. You grab the worm.
You pierce the worm.
The worm is moderately wounded.
Your transformation is almost over.
You constrict the worm. The worm bites you!
You die...

.....#..........#......#
.....###.#.#....'......#
###### #.#.#....#.....##
..#.#....#.....+ ##
#.#.####.....# #.#
#......# #. #.####.#
#.#..#.# #@..<#.#
#...w..### #........
##........# #.....####
....... (..####. ..## .#


You could see a worm.

Vanquished Creatures
  An adder (D:2)
  A worm (D:2)
  A dart slug (D:2)
  A ball python (D:1)
  2 bats (D:1)
  2 endoplasms
  2 giant cockroaches
  2 goblins (D:1)
  4 hobgoblins
  A kobold (D:1)
  2 quokkas (D:1)
  3 frilled lizards
  2 rats
24 creatures vanquished.

Notes
Turn   | Place    | Note
-------+----------+-------------------------------------------
     0 | D:1      | wormed the Octopode Transmuter began the quest for the Orb.
     0 | D:1      | Reached XP level 1. HP: 13/13 MP: 3/3
   209 | D:1      | Reached XP level 2. HP: 18/18 MP: 3/5
   216 | D:1      | Learned a level 2 spell: Wereblood
   338 | D:1      | Reached skill level 1 in Ice Magic
  1098 | D:2      | Reached XP level 3. HP: 23/23 MP: 6/6
  1261 | D:2      | Slain by a worm

Illustrated notes

Levels and vault maps discovered:
D:1:      dpeg_arrival_rooms_b, layout_basic, serial_curves, eino_curves_03,
          eino_curves_03, minmay_misc_feat_four_crosses,
          chequers_serial_rivers_room_b, chequers_serial_rivers_micro_c,
          solitary_fountain
D:2:      layout_basic

Skill      XL: |  1  2 |
---------------+-------+-----
Ice Magic      | 1 |  1.5
Fighting       | |  1.0
Dodging        | |  2.0
Unarmed Combat | |  3.0
Spellcasting   | |  2.6
Transmutations | |  2.7

Action                   || total
-------------------------++-------
Melee: Unarmed           ||    44
       Kick              ||    15
       Constrict         ||    16
       Tentacles         ||     8
 Cast: Beastly Appendage ||    15
       Wereblood         ||    10
  Use: Scroll            ||     2
 Stab: Sleeping          ||     2
Armor: Skin              ||     6
Dodge: Dodged            ||    17

Table legend: (Time is in decaauts)
 A = Elapsed time spent in this place.
 B = Non-inter-level travel time spent in this place.
 C = Inter-level travel time spent in this place.
 D = Time resting spent in this place.
 E = Time spent auto-exploring this place.
 F = Levels seen in this place.
 G = Mean time per level.
                   A        B        C        D        E       F      G
               +--------+--------+--------+--------+--------+-----+--------+
         Total |   1257 |   1230 |     27 |      0 |   1045 |   2 |  628.5 |
       Dungeon |   1257 |   1230 |     27 |      0 |   1045 |   2 |  628.5 |
               +--------+--------+--------+--------+--------+-----+--------+

Top non-repeatable levels by time:
     D:1: 1048 daAuts
     D:2: 209 daAuts
